 Dungeon Crawl Stone Soup version 0.29.1-2-gbd0b4ee654 (webtiles) character file.

Game seed: 11691834116722971727

29 Icepheonix32 the Insei (level 2, 0/22 HPs)
             Began as a Demigod Transmuter on Nov 4, 2022.
             Slain by a goblin
             ... wielding a +0 dagger
              (4 damage)
             ... on level 1 of the Dungeon.
             The game lasted 00:01:12 (809 turns).

Icepheonix32 the Insei (Demigod Transmuter)          Turns: 809, Time: 00:01:13

Health: 0/22       AC:  2    Str: 17    XL:     2   Next: 81%
Magic:  7/7        EV: 12    Int: 15    God:
Gold:   32         SH:  0    Dex: 14    Spells: 3/4 levels left

rFire   . . .      SeeInvis .     - Unarmed
rCold   . . .      Faith    .   (no shield)
rNeg    . . .      Spirit   .   a - +0 robe
rPois   .          Reflect  .   (no helmet)
rElec   .          Harm     .   (no cloak)
rCorr   .          Rampage  .   (no gloves)
Will    .....                   (no boots)
Stlth   +.........              (no amulet)
HPRegen 0.07/turn               c - +6 ring of strength
MPRegen 0.10/turn               (no ring)

@: no status effects
A: high MP 1, forlorn, divine attributes
a: no special abilities


You were on level 1 of the Dungeon.
You visited 1 branch of the dungeon, and saw 1 of its levels.

You collected 32 gold pieces.

Inventory:

Hand Weapons
 e - a +2 dagger of flaming
Armour
 a - a +0 robe (worn)
Jewellery
 c - a +6 ring of strength (left hand)
 f - a ring of ice
Scrolls
 d - a scroll of identify {unknown}
 g - a scroll of fear {unknown}


   Skills:
 + Level 0.8 Fighting
 + Level 2.2 Dodging
 + Level 0.2 Stealth
 + Level 3.4 Unarmed Combat
 + Level 1.9 Spellcasting
 + Level 1.8 Transmutations


You had 3 spell levels left.
You knew the following spells:

 Your Spells              Type           Power      Damage    Failure   Level
a - Beastly Appendage     Tmut           14%        N/A       11%         1

Your spell library contained the following spells:

 Spells                   Type           Power      Damage    Failure   Level
 Wereblood                Tmut           7%         N/A       16%         2
 Spider Form              Tmut/Pois      4%         N/A       43%         3
 Ice Form                 Ice/Tmut       4%         N/A       83%         4


Dungeon Overview and Level Annotations

Branches:
Dungeon (1/15)


Innate Abilities, Weirdness & Mutations

You have an increased reservoir of magic. (+10% MP)
You shall have no god before yourself.
Your divine heritage dramatically boosts your attributes as you level up.


Message History

You kill the endoplasm!
The goblin barely misses you.
You closely miss the kobold. Your kick misses the kobold.
Your headbutt misses the kobold. The goblin hits you but does no damage.
The kobold hits you with a +0 whip.
You hit the kobold. Your kick misses the kobold.
The kobold is moderately wounded.
The goblin closely misses you. The kobold hits you with a +0 whip.
You closely miss the kobold. You claw the kobold, but do no damage.
The kobold is moderately wounded.
The goblin barely misses you. The kobold closely misses you. x2
You hit the kobold.
You kill the kobold!
Your horns disappear.
Your talons disappear.
You barely miss the kobold. The kobold hits you with a +0 club.
The goblin hits you with a +0 dagger.
You are too injured to fight recklessly!
You are too injured to fight recklessly!
You are too injured to fight recklessly!
You are too injured to fight recklessly!
You are too injured to fight recklessly!
You are too injured to fight recklessly!
You are too injured to fight recklessly!
You are too injured to fight recklessly!
Unknown command.
The kobold closely misses you. The goblin attacks as you move away!
The goblin hits you with a +0 dagger. The goblin attacks as you move away!
The goblin hits you with a +0 dagger.
* * * LOW HITPOINT WARNING * * *
The kobold attacks as you move away! The kobold closely misses you.
The kobold throws a stone.
The stone misses you. The goblin attacks as you move away!
The goblin hits you with a +0 dagger.
* * * LOW HITPOINT WARNING * * *
The kobold throws a stone.
The stone completely misses you.
It was a potion of curing.
You feel better. The goblin misses you. The goblin hits you with a +0 dagger.
* * * LOW HITPOINT WARNING * * *
The goblin attacks as you move away! The goblin closely misses you.
The goblin attacks as you move away! The goblin hits you with a +0 dagger.
You die...

#..........# #..........#
#..........# #...)......#
#..........######## #####
#..................
....#########..............###
..#........##....g......)...#
#..#######......@gK.........#
##.######...................#
.#.##.....####..............#
..............................
##.........................##..
......#........................
...........(.#..............#
....#..###........#.....
...............##.#


You could see 2 goblins and a kobold.

Vanquished Creatures
  2 endoplasms (D:1)
  3 giant cockroaches (D:1)
  2 goblins (D:1)
  5 hobgoblins (D:1)
  3 kobolds (D:1)
  A quokka (D:1)
  A ball python (D:1)
  5 bats (D:1)
  3 rats (D:1)
25 creatures vanquished.

Notes
Turn   | Place    | Note
-------+----------+-------------------------------------------
     0 | D:1      | Icepheonix32 the Demigod Transmuter began the quest for the
                  | Orb.
     0 | D:1      | Reached XP level 1. HP: 15/15 MP: 5/5
   112 | D:1      | Reached skill level 3 in Unarmed Combat
   183 | D:1      | Reached XP level 2. HP: 4/22 MP: 7/7
   806 | D:1      | HP: 1/22 [goblin/+0 dagger (3)]
   809 | D:1      | Slain by a goblin

Illustrated notes

Levels and vault maps discovered:
D:1:      dpeg_arrival_lava_temple_mockup, layout_rooms, basic_ecumenical_altar,
          hangedman_decor_clover_reticule

Skill      XL: |  1  2 |
---------------+-------+-----
Unarmed Combat | 3 |  3.4
Dodging        | 2 |  2.2
Fighting       | |  0.8
Stealth        | |  0.2
Spellcasting   | |  1.9
Transmutations | |  1.8

Action                   || total
-------------------------++-------
Melee: Unarmed           ||    69
       Kick              ||     9
       Headbutt          ||     4
 Cast: Beastly Appendage ||    12
  Use: Potion            ||     2
Armor: Skin              ||    36
       Robe              ||    19
Dodge: Dodged            ||    59
